 Dungeon Crawl Stone Soup version 0.19-a0-1714-gcab94ab (webtiles) character file.

174 teurkeur the Cudgeler (level 5, -2/46 HPs)
             Began as a Minotaur Berserker on Sept 28, 2016.
             Was a Believer of Trog.
             Slain by Eustachio
             ... wielding a +0 rapier
              (6 damage)
             ... on level 4 of the Dungeon.
             The game lasted 00:30:05 (2646 turns).

teurkeur the Cudgeler (Minotaur Berserker)          Turns: 2646, Time: 00:30:06

Health: -2/46      AC:  4    Str: 21    XL:     5   Next: 28%
Magic:  4/4        EV: 12    Int:  4    God:    Trog [**....]
Gold:   150        SH:  0    Dex: 15    Spells: 0 memorised, 4 levels left

rFire  . . .     SeeInvis .     a - +0 mace
rCold  . . .     Gourm    .     p - +0 leather armour
rNeg   . . .     Faith    .     (no shield)
rPois  .         Spirit   .     (helmet restricted)
rElec  .         Dismiss  .     (no cloak)
rCorr  .         Reflect  .     (no gloves)
MR     +....     Harm     .     (no boots)
Stlth  +.........               (no amulet)
                                o - +4 ring of dexterity
                                m - ring of protection from magic

@: exhausted, slowed, very slow
A: retaliatory headbutt, horns 2
a: Berserk, Trog's Hand, Burn Spellbooks, Renounce Religion


You were on level 4 of the Dungeon.
You worshipped Trog.
Trog was pleased with you.
You were hungry.

You visited 1 branch of the dungeon, and saw 4 of its levels.

You collected 150 gold pieces.

Inventory:

Hand Weapons
 a - a +0 mace (weapon)
 b - a +0 hunting sling
 d - a +0 whip
 k - a +0 flail
 q - a +0 mace
Missiles
 l - 12 bolts
 v - 7 sling bullets
 w - 12 poisoned needles
Armour
 n - a cursed +0 chain mail
 p - a +0 leather armour (worn)
 t - a +0 leather armour
 B - a +0 ring mail
Jewellery
 m - a ring of protection from magic (left hand)
 o - a +4 ring of dexterity (right hand)
Wands
 i - a wand of teleportation (4/9)
Scrolls
 h - 2 scrolls of remove curse {unknown}
 r - a scroll of noise {unknown}
 u - 2 scrolls of identify {unknown}
 x - a scroll of fear {unknown}
 y - a scroll of teleportation {unknown}
Potions
 e - a potion of brilliance {unknown}
 j - 2 potions of curing
 s - a potion of haste {unknown}
 A - a potion of degeneration
Comestibles
 c - 4 bread rations
 f - a meat ration
 g - 7 fruits


   Skills:
 + Level 4.3 Fighting
 * Level 6.9 Maces & Flails
 - Level 2.4 Armour
 - Level 2.1 Dodging


You had 4 spell levels left.
You didn't know any spells.

Dungeon Overview and Level Annotations

Branches:
Dungeon (4/15)
 Temple: D:4-7

Altars:
Ashenzari

Annotations:
D:4 Eustachio


Innate Abilities, Weirdness & Mutations

You reflexively headbutt those who attack you in melee.
You have a pair of horns on your head.


Message History

Eustachio mumbles some strange words.
The river rat completely misses you. Eustachio closely misses you.
You furiously retaliate!
You headbutt Eustachio, but do no damage.
You hit Eustachio but do no damage. Your headbutt misses Eustachio.
Eustachio is severely wounded.
The river rat barely misses you. You furiously retaliate!
You headbutt the river rat, but do no damage.
Eustachio hits you with a rapier. The white imp gestures at you.
The puff of frost hits you!
* * * LOW HITPOINT WARNING * * *
The iron imp hits you.
* * * LOW HITPOINT WARNING * * *
The river rat misses you.
You're too exhausted to go berserk.
The river rat bites you.
* * * LOW HITPOINT WARNING * * *
Eustachio hits you with a rapier.
You die...

#.......>..# #..........#
##### #..........# #....
#..........# #....
##........############....
#..............##..(.)..##
#........5.......>########
#........r5..............
#####........@@....##########
#.............5...##
#...##........###...#
###.##........# ###..#
#..###.#....### #..
##..##........# ##
##....###..#.# ####.####.#..#
#..##..# ...


You could see Eustachio, an iron imp, a quasit, a river rat and a white imp.

Vanquished Creatures
  Jessica (D:2)
  Terence (D:3)
  Robin (D:2)
  4 adders
  A worm (D:3)
  2 dart slugs
  3 leopard geckos (D:3)
  6 bats
  3 giant cockroaches
  16 goblins
  9 hobgoblins
  12 kobolds
  2 ball pythons (D:3)
  2 frilled lizards
  6 rats
69 creatures vanquished.

Notes
Turn   | Place    | Note
-------+----------+-------------------------------------------
     0 | D:1      | teurkeur the Minotaur Berserker began the quest for the Orb.
     0 | D:1      | Reached XP level 1. HP: 19/19 MP: 0/0
    65 | D:1      | Reached skill level 4 in Maces & Flails
   160 | D:1      | Reached XP level 2. HP: 26/26 MP: 1/1
   616 | D:1      | Reached skill level 5 in Maces & Flails
   699 | D:1      | You fall through a shaft!
   707 | D:2      | Reached XP level 3. HP: 14/31 MP: 2/2
   805 | D:2      | Reached ** piety under Trog
   810 | D:2      | Noticed Jessica
   826 | D:2      | Killed Jessica
   826 | D:2      | Reached XP level 4. HP: 39/39 MP: 3/3
   908 | D:2      | Noticed Robin
   933 | D:2      | Reached skill level 6 in Maces & Flails
   938 | D:2      | Killed Robin
  1956 | D:3      | Noticed Terence
  1960 | D:3      | Killed Terence
  2026 | D:3      | Reached XP level 5. HP: 44/46 MP: 4/4
  2131 | D:3      | Found a shattered altar of Ashenzari.
  2612 | D:4      | Noticed Eustachio
  2646 | D:4      | Slain by Eustachio

Vault maps used:
D:1:      lemuel_arrival_rhombus
D:2:      first_bread, uniq_robin, uniq_jessica
D:3:      kennysheep_big_flooded_room, lemuel_crystal_altar, minivault_26,
          guppyfry_early_lair_pool, uniq_terence
D:4:      corexii_shantytown, nicolae_ossuary_entry_catacombs,
          nicolae_qazlal_eye_of_the_storm, uniq_edmund, uniq_eustachio

Skill      XL: |  1  2  3  4 |
---------------+-------------+-----
Maces & Flails | 4 5 6 |  6.9
Fighting       | 4 |  4.3
Armour         | |  2.4
Dodging        | |  2.1

Action                   |  1- 3 |  4- 6 || total
-------------------------+-------+-------++-------
Melee: Mace              |    56 |    74 ||   130
       Headbutt          |     9 |    11 ||    20
 Fire: Hunting sling     |       |     8 ||     8
Invok: Berserk           |     1 |     3 ||     4
       Trog's Hand       |     1 |       ||     1
  Use: Potion            |     3 |       ||     3
  Eat: Chunk             |       |     4 ||     4
       Meat ration       |       |     1 ||     1
Armor: Animal skin       |     8 |     4 ||    12
       Leather armour    |       |    13 ||    13
Dodge: Dodged            |    35 |    58 ||    93
